 Dungeon Crawl Stone Soup version 0.28-a0-381-g937acc2988 (webtiles) character file.

Game seed: 12368330033402708758

424 dolemite99 the Skirmisher (level 6, 0/60 HPs)
             Began as a Ghoul Chaos Knight on Sept 2, 2021.
             Was a Plaything of Xom.
             Slain by an orc wizard (3 damage)
             ... on level 3 of the Dungeon.
             The game lasted 00:04:13 (4734 turns).

dolemite99 the Skirmisher (Ghoul Chaos Knight)      Turns: 4734, Time: 00:04:14

Health: 0/60       AC:  5    Str: 18    XL:     6   Next: 96%
Magic:  5/5        EV: 10    Int:  7    God:    Xom [*.....]
Gold:   249        SH:  0    Dex:  8    Spells: 5/5 levels left

rFire   . . .      SeeInvis .   a - +0 short sword (chaos)
rCold   + . .      Faith    .   (no shield)
rNeg    + + +      Spirit   .   h - +0 ring mail
rPois   ∞          Reflect  .   (no helmet)
rElec   .          Harm     .   (no cloak)
rCorr   +          Rampage  .   (no gloves)
Will    .....                   (no boots)
Stlth   ..........              (no amulet)
HPRegen 0.00/turn               s - ring of resist corrosion
MPRegen 0.09/turn               (no ring)

@: inhibited regen
A: claws 1, cold resistance 1, negative energy resistance 3, inhibited
regeneration, torment resistance 2
a: Renounce Religion


You were on level 3 of the Dungeon.
You worshipped Xom.
You were a special plaything of Xom.
You visited 1 branch of the dungeon, and saw 5 of its levels.

You collected 249 gold pieces.

Inventory:

Hand Weapons
 a - a +0 short sword of chaos (weapon)
 m - a +0 hunting sling
 q - a +0 whip of pain
Missiles
 f - 185 stones (quivered)
 u - 34 arrows
Armour
 b - a +2 leather armour
 h - a +0 ring mail (worn)
Jewellery
 s - a ring of resist corrosion (left claw)
Scrolls
 c - 6 scrolls of identify {unknown}
 e - a scroll of teleportation {unknown}
 g - 2 scrolls of amnesia {unknown}
 i - 3 scrolls of magic mapping {unknown}
 k - a scroll of silence {unknown}
 p - a scroll of fear {unknown}
 r - a scroll of brand weapon {unknown}
 t - a scroll of summoning {unknown}
 x - a scroll of immolation {unknown}
Potions
 d - 2 potions of invisibility {unknown}
 j - 3 potions of lignification
 l - 2 potions of flight {unknown}
 n - 2 potions of berserk rage {unknown}
 o - a potion of ambrosia {unknown}
 v - a potion of curing {unknown}
 w - a potion of resistance {unknown}


   Skills:
 - Level 7.4 Fighting
 + Level 4.1 Short Blades
 - Level 1.7 Armour
 - Level 0.8 Dodging


You had 5 spell levels left.
You didn't know any spells.
Your spell library contained the following spells:

 Spells                   Type           Power      Damage    Failure   Level
 Corona                   Hex            0%         N/A       63%         1
 Ensorcelled Hibernation  Hex/Ice        0%         N/A       77%         2
 Conjure Flame            Conj/Fire      0%         6-21      94%         3
 Gell's Gravitas          Tloc           0%         N/A       94%         3
 Ignite Poison            Fire/Tmut/Pois 0%         N/A       94%         3
 Teleport Other           Tloc           0%         N/A       94%         3
 Tukima's Dance           Hex            0%         N/A       94%         3
 Sticky Flame             Conj/Fire      0%         2d3       100%        4
 Dispersal                Tloc           0%         N/A       100%        6


Dungeon Overview and Level Annotations

Branches:
Dungeon (5/15)
 Temple: D:4-7

Altars:
Cheibriados
Gozag
Vehumet
Wu Jian
Xom


Innate Abilities, Weirdness & Mutations

You thrive by killing the living.
You are immune to poison.
You have sharp fingernails.
Your flesh is cold resistant. (rC+)
You are immune to negative energy. (rN+++)
You do not regenerate when monsters are visible.
You are immune to unholy pain and torment.


Message History

The jelly hits you but does no damage. Something hits you.
You hit the jelly but do no damage.
The jelly seems to speed up.
Your claws burn!
The jelly is severely wounded.
The jelly barely misses you. The jelly misses you.
Something hits you but does no damage.
You hit the jelly.
Your claws burn!
The jelly is almost dead.
The jelly hits you but does no damage.
You hit the jelly.
You kill the jelly!
Something hits you.
Your Short Blades skill increases to level 4!
Something hits you but does no damage. Something hits you but does no damage.
A magic dart appears from out of thin air!
The magic dart hits you.
There is a stone staircase leading up here.
Something hits you.
* * * LOW HITPOINT WARNING * * *
You climb upwards.
Reactivating autopickup.
There is a stone staircase leading down here.
You start waiting.
Something hits you.
* * * LOW HITPOINT WARNING * * *
Deactivating autopickup; reactivate with Ctrl-A.
There is a strange disturbance nearby!
You hit something but do no damage. Something hits you.
* * * LOW HITPOINT WARNING * * *
You miss something. Something hits you.
* * * LOW HITPOINT WARNING * * *
You miss something. Something hits you.
* * * LOW HITPOINT WARNING * * *
You closely miss something. Something hits you.
* * * LOW HITPOINT WARNING * * *
It was a potion of lignification.
You feel woody for a moment.
Xom roars with laughter!
Something hits you.
You die... "Huh?
Did I miss anything?"

..######## #.##..####.##.# ..#
#.#.........#.# ..#
#.#...#######.# ..# #.#...# #.#
### ###.#...# #.# #.....#.# #.#
#.###.#.# #.# ######'###.#{# #.#
#..........#@# #.#
#####..........#+#### #.#
....................# #.#
.....#####'###......# #.#
.....#####'###......# #.#
.................#######.########
.................).....#.........
.........)......######.##########
................# #.# #


There were no monsters in sight!

Vanquished Creatures
  A scorpion (D:4)
  A bullfrog zombie (D:5)
  A jelly (D:4)
  A bullfrog skeleton (D:5)
  Jessica (D:2)
  An orc wizard (D:3)
  8 adders
  A worm (D:4)
  2 dart slugs
  10 orcs
  5 endoplasms
  4 giant cockroaches
  7 goblins
  5 hobgoblins
  2 jackals (D:5)
  6 kobolds
  5 quokkas
  7 ball pythons
  4 bats
  6 frilled lizards
  5 rats
  A spectral kobold (D:2)
84 creatures vanquished.

Vanquished Creatures (others)
  An orc (D:4)
1 creature vanquished.

Grand Total: 85 creatures vanquished

Notes
Turn   | Place    | Note
-------+----------+-------------------------------------------
     0 | D:1      | dolemite99 the Ghoul Chaos Knight began the quest for the
                  | Orb.
     0 | D:1      | Reached XP level 1. HP: 19/19 MP: 0/0
    85 | D:1      | XOM: silly message
   158 | D:1      | XOM: divination: detect items
   334 | D:1      | Reached XP level 2. HP: 27/27 MP: 1/1
   342 | D:1      | Reached skill level 4 in Fighting
   522 | D:1      | XOM: noise
   957 | D:2      | Reached XP level 3. HP: 30/34 MP: 2/2
   994 | D:2      | Found an opulent altar of Gozag.
  1026 | D:2      | XOM: god gift: 14 stones
  1264 | D:2      | XOM: cloud trail
  1534 | D:2      | XOM: noise
  1664 | D:2      | Noticed Jessica
  1673 | D:2      | Reached skill level 5 in Fighting
  1678 | D:2      | Killed Jessica
  1679 | D:2      | Reached XP level 4. HP: 38/42 MP: 3/3
  1744 | D:2      | Found a faded altar of an unknown god.
  1863 | D:2      | XOM: smoke on damage
  2172 | D:3      | XOM: silly message
  2414 | D:3      | Reached skill level 6 in Fighting
  2449 | D:3      | XOM: enchant monster (bad)
  2467 | D:3      | Reached XP level 5. HP: 14/50 MP: 4/4
  2509 | D:3      | XOM: 1-stop teleportation journey
  2866 | D:3      | XOM: smoke on damage
  2879 | D:3      | Found an ornate altar of the Wu Jian Council.
  3219 | D:4      | XOM: divination: magic mapping
  3221 | D:4      | Reached skill level 7 in Fighting
  3475 | D:4      | XOM: silly message
  3639 | D:4      | Found a snail-covered altar of Cheibriados.
  3673 | D:4      | Reached XP level 6. HP: 59/60 MP: 5/5
  3755 | D:4      | XOM: 4-stop teleportation journey
  3808 | D:4      | XOM: enchant monster (good)
  4156 | D:4      | XOM: silly message
  4269 | D:4      | Found a radiant altar of Vehumet.
  4371 | D:5      | Entered Level 5 of the Dungeon
  4421 | D:5      | XOM: fog
  4714 | D:4      | XOM: scenery: create altars
  4733 | D:3      | HP: 3/60 [something (1)]
  4734 | D:3      | Slain by an orc wizard

Illustrated notes

Levels and vault maps discovered:
D:1:      eino_arrival_cavern_b, layout_loops_cross
D:2:      layout_loops_ring, dreamdust_ecumenical_altar_drowned_temple,
          basic_altar, minmay_misc_feat_doors, kennysheep_generic_room_7,
          uniq_jessica
D:3:      layout_basic, mainiacjoe_overflow_small_starburst
D:4:      layout_rooms, mainiacjoe_overflow_swirl, kennysheep_generic_room_14
D:5:      layout_rooms, tgw_sif, saegor_snake_ambush, uniq_crazy_yiuf_cottage

Skill      XL: |  1  2  3  4  5  6 |
---------------+-------------------+-----
Fighting       | 4 5 6 7 |  7.4
Short Blades   | 4 |  4.1
Armour         | |  1.7
Dodging        | |  0.8

Action                   |  1- 3 |  4- 6 || total
-------------------------+-------+-------++-------
Melee: Short sword       |    90 |   246 ||   336
Throw: Boomerang         |     5 |       ||     5
       Stone             |    29 |    25 ||    54
  Use: Potion            |       |     1 ||     1
 Stab: Petrified         |     1 |       ||     1
       Confused          |       |     1 ||     1
Armor: Leather armour    |    13 |       ||    13
       Ring mail         |    23 |    86 ||   109
Dodge: Dodged            |    43 |   132 ||   175

Table legend: (Time is in decaauts)
 A = Elapsed time spent in this place.
 B = Non-inter-level travel time spent in this place.
 C = Inter-level travel time spent in this place.
 D = Time resting spent in this place.
 E = Time spent auto-exploring this place.
 F = Levels seen in this place.
 G = Mean time per level.
                   A        B        C        D        E       F      G
               +--------+--------+--------+--------+--------+-----+--------+
         Total |   4739 |   4605 |    134 |    926 |   2758 |   5 |  947.8 |
       Dungeon |   4739 |   4605 |    134 |    926 |   2758 |   5 |  947.8 |
               +--------+--------+--------+--------+--------+-----+--------+

Top non-repeatable levels by time:
     D:4: 1451 daAuts
     D:3: 1138 daAuts
     D:2: 1129 daAuts
     D:1: 933 daAuts
     D:5: 86 daAuts
